Map: New Repugnancy LE

Players

TIME (Oliveira) - Winner!

  • Race: Terran Terran
  • Spawn Location: 1:00

Clem

  • Race: Terran Terran
  • League: Grandmaster
  • Spawn Location: 7:00

Event: 2019 WCS Summer

VOD

Have the link to the VOD?

Description

Time

  • Played on: July 13, 2019, 1:21 p.m.
  • Length: 11:48

All games in this series

Show
View Real Time Build Order
Export as new Build Order

TIME Terran - Winner!

Build Orders: 1/1/1 

Get SALT Encoding   

  12  0:00  SCV  
  13  0:13  SCV  
  14  0:18  Supply Depot  
  14  0:25  SCV  
  15  0:30  Refinery  
  15  0:39  SCV  
  16  0:46  Barracks  
  16  0:51  SCV  
  16  0:56  Refinery  
  17  1:03  SCV  
  18  1:15  SCV  
  19  1:34  Orbital Command, Barracks Reactor  
  19  1:36  Factory  
  19  1:44  Supply Depot  
  19  2:00  SCV  
  20  2:12  SCV, Reaper x2  
  23  2:20  Hellion  
  23  2:21  Starport  
  25  2:24  SCV  
  25  2:29  Supply Depot  
  26  2:36  SCV  
  27  2:41  Hellion  
  30  2:44  Reaper x2  
  32  2:51  SCV  
  32  2:58  Medivac  
  32  3:03  Hellion  
  36  3:16  Reaper x2  
  38  3:25  Command Center  
  38  3:28  Factory Tech Lab  
  38  3:33  Supply Depot  
  38  3:35  SCV  
  39  3:52  Marine x2  
  39  3:54  Siege Tank  
  42  4:02  Medivac  
  44  4:04  SCV  
  45  4:10  Marine x2  
  46  4:23  Liberator  
  41  4:27  Marine x2  
  41  4:30  Cyclone  
  44  4:31  SCV  
  44  4:38  Orbital Command  
  47  4:45  Marine x2  
  47  4:50  SCV  
  50  5:02  SCV  
  51  5:11  Siege Tank  
  55  5:19  SCV x2  
  56  5:21  Supply Depot  
  56  5:28  Barracks x2  
  56  5:31  SCV  
  56  5:33  Barracks Tech Lab  
  57  5:36  SCV  
  56  5:43  Refinery, SCV, Engineering Bay  
  56  5:46  Starport Reactor  
  56  5:47  Siege Tank  
  56  5:49  SCV  
  57  5:55  Marine, SCV  
  55  5:58  Stimpack  
  55  6:01  SCV  
  55  6:03  Supply Depot  
  56  6:08  SCV  
  57  6:13  Marine, SCV, Terran Infantry Weapons Level 1  
  57  6:17  Marine x2  
  60  6:20  SCV  
  60  6:25  SCV  
  62  6:28  Supply Depot  
  62  6:31  Marine x2, Starport Reactor  
  62  6:32  SCV  
  65  6:34  Marine  
  65  6:35  Supply Depot  
  65  6:37  SCV  
  65  6:38  Siege Tank  
  70  6:40  Marine  
  70  6:43  Marine  
  70  6:44  SCV  
  73  6:49  SCV  
  73  6:52  Marine  
  75  6:56  Refinery, SCV  
  75  6:58  Command Center  
  76  7:01  SCV  
  76  7:04  Marine x2  
  76  7:06  Marine  
  76  7:08  SCV  
  80  7:09  Medivac x2  
  80  7:14  Marine, SCV  
  86  7:17  Siege Tank, Marine  
  86  7:20  SCV  
  86  7:22  Marine x2  
  92  7:24  Marine  
  92  7:28  Supply Depot  
  94  7:32  Marine  
  94  7:35  Marine  
  96  7:37  SCV  
  96  7:38  SCV  
  96  7:39  Marine  
  96  7:40  Barracks  
  96  7:44  Barracks  
  99  7:47  Marine, Medivac  
  99  7:50  Marine  
  103  7:53  Siege Tank  
  103  7:58  Combat Shield  
  103  7:59  Marine  
  103  8:00  SCV  
  103  8:03  Marine  
  104  8:11  Marine  
  104  8:12  Marine  
  105  8:14  Marine  
  105  8:15  Medivac  
  105  8:19  Marine  
  110  8:20  SCV  
  110  8:21  Marine  
  110  8:24  Armory  
  110  8:25  Siege Tank  
  110  8:26  Terran Infantry Armor Level 1  
  110  8:31  Orbital Command  
  110  8:34  SCV  
  111  8:37  Engineering Bay, Barracks Reactor  
  111  8:38  Barracks Reactor  
  111  8:40  Marine  
  112  8:42  Marine  
  112  8:43  SCV  
  112  8:44  Marine  
  112  8:48  Medivac  
  117  8:49  Marine x2  
  117  8:50  SCV  
  117  8:54  Supply Depot  
  120  8:59  Marine, SCV x2  
  120  9:00  Marine  
  120  9:01  Supply Depot  
  124  9:06  Supply Depot  
  124  9:15  Siege Tank  
  124  9:16  Marine  
  123  9:21  Marine  
  123  9:22  Marine  
  111  9:24  Marine  
  111  9:26  Terran Infantry Weapons Level 2  
  111  9:27  SCV  
  111  9:28  Marine  
  111  9:30  Marine x2  
  111  9:31  Marine x2, SCV  
  94  9:32  SCV  
  94  9:33  Marine  
  94  9:34  Refinery x2  
  94  9:36  Medivac  
  94  9:38  Medivac  
  101  9:39  Marine, SCV  
  101  9:40  Marine  
  101  9:42  Terran Vehicle Weapons Level 1  
  104  9:47  Marine x2  
  104  9:48  Marine x2  
  104  9:51  Marine, Sensor Tower  
  109  9:54  Marine  
  109  9:59  Marine  
  111  10:01  Marine  
  111  10:03  Siege Tank, Marine  
  111  10:05  Marine  
  117  10:08  Marine x2, Medivac  
  120  10:14  Marine x2  
  120  10:16  Marine  
  120  10:20  Marine x2  
  117  10:21  Medivac  
  117  10:25  Orbital Command  
  117  10:28  Marine x2  
  121  10:35  Marine  
  110  10:38  Marine  
  110  10:39  Siege Tank, Marine x2  
  110  10:40  Marine  
  100  10:43  Marine  
  100  10:44  Marine, SCV  
  100  10:45  Marine  
  100  10:46  Marine  
  100  10:48  SCV  
  105  10:51  SCV  
  105  10:52  Marine  
  105  10:55  Marine  
  105  10:56  Marine, SCV  
  110  10:58  Medivac  
  110  10:59  Medivac  
  110  11:00  SCV  
  110  11:03  Marine, SCV  
  117  11:06  Marine  
  117  11:08  Marine x2, SCV  
  121  11:14  Marine  
  122  11:22  Marine  
  122  11:23  Marine x3  
  129  11:27  Marine  
Show
View Real Time Build Order
Export as new Build Order

Clem Terran 

Build Orders:  

Get SALT Encoding   

  12  0:00  SCV  
  13  0:12  SCV  
  14  0:17  Supply Depot  
  14  0:24  SCV  
  15  0:28  Refinery  
  15  0:38  SCV  
  16  0:44  Barracks  
  16  0:50  SCV  
  16  0:54  Refinery  
  17  1:03  SCV  
  18  1:15  SCV  
  19  1:31  Orbital Command  
  19  1:33  Factory  
  19  1:35  Reaper  
  20  1:43  Supply Depot  
  20  1:57  SCV  
  21  2:07  Reaper  
  22  2:09  SCV  
  23  2:17  Hellion  
  25  2:26  Command Center  
  25  2:30  SCV  
  26  2:38  Hellion  
  26  2:42  Starport  
  28  2:48  SCV  
  28  2:49  Barracks Tech Lab  
  29  2:53  Supply Depot  
  29  3:00  SCV  
  30  3:13  SCV  
  30  3:14  Barracks Tech Lab  
  30  3:15  Cyclone  
  34  3:25  SCV  
  35  3:30  Refinery  
  35  3:36  Raven  
  35  3:38  Orbital Command, SCV  
  38  3:47  Cyclone  
  41  3:50  SCV  
  40  3:56  Marine  
  40  4:02  SCV  
  39  4:03  Supply Depot  
  39  4:04  SCV  
  40  4:14  Marine, SCV  
  40  4:16  SCV  
  43  4:20  Cyclone  
  38  4:26  SCV  
  39  4:34  SCV  
  40  4:39  Marine  
  40  4:43  SCV  
  42  4:46  SCV  
  42  4:48  Raven, Refinery  
  45  4:56  SCV  
  45  4:59  Barracks Reactor, SCV  
  47  5:05  Command Center  
  46  5:08  SCV  
  49  5:14  Siege Tank, SCV  
  49  5:20  SCV  
  51  5:27  SCV  
  50  5:32  SCV  
  51  5:36  Marine x2  
  51  5:39  SCV  
  51  5:44  SCV  
  48  5:51  SCV  
  48  5:56  SCV  
  49  6:02  Siege Tank  
  49  6:03  SCV  
  53  6:08  SCV  
  53  6:09  Refinery  
  54  6:13  Viking  
  54  6:14  Marine  
  54  6:15  SCV  
  54  6:18  Orbital Command  
  58  6:20  SCV  
  58  6:25  Viking  
  61  6:27  SCV  
  63  6:32  SCV  
  63  6:39  SCV  
  64  6:40  Marine, Supply Depot  
  64  6:45  SCV  
  64  6:46  Orbital Command, Siege Tank  
  69  6:50  Viking  
  69  6:51  SCV  
  72  6:54  Barracks  
  72  6:56  Viking  
  72  6:57  SCV  
  72  7:01  Marine, Supply Depot  
  75  7:03  SCV  
  76  7:09  SCV  
  76  7:10  Combat Shield  
  76  7:12  Barracks  
  76  7:14  SCV  
  78  7:15  SCV  
  78  7:17  Supply Depot  
  78  7:21  SCV  
  80  7:24  Siege Tank  
  80  7:26  SCV  
  80  7:28  SCV  
  85  7:32  Viking  
  85  7:33  SCV  
  85  7:36  Marine  
  89  7:38  SCV  
  89  7:39  Viking, Supply Depot  
  89  7:41  SCV  
  93  7:45  SCV  
  93  7:46  Supply Depot  
  93  7:49  Barracks Reactor  
  93  7:51  SCV  
  95  7:53  SCV  
  95  7:56  Marine  
  95  7:57  Siege Tank  
  99  8:06  Viking, SCV x2  
  99  8:07  SCV  
  99  8:09  Viking  
  103  8:23  SCV  
  101  8:30  Barracks Reactor, SCV, Supply Depot  
  101  8:31  Supply Depot  
  101  8:32  Marine, SCV  
  103  8:35  Barracks  
  103  8:36  Engineering Bay, Supply Depot  
  103  8:37  Barracks, Siege Tank, Engineering Bay  
  103  8:40  Marine  
  107  8:42  Medivac  
  107  8:45  Supply Depot  
  107  8:46  SCV x2, Medivac  
  107  8:47  SCV  
  114  8:54  Stimpack, Marine  
  114  8:55  Marine  
  115  8:57  Marine  
  115  8:58  SCV  
  115  9:01  SCV x2  
  115  9:02  Refinery  
  119  9:03  Refinery  
  119  9:04  Terran Infantry Weapons Level 1  
  119  9:06  Marine x2  
  121  9:11  SCV  
  121  9:12  Siege Tank  
  121  9:14  SCV  
  121  9:20  Marine  
  121  9:23  SCV  
  102  9:30  Marine x3  
  96  9:33  Barracks Reactor x2  
  96  9:36  Terran Infantry Armor Level 1  
  96  9:38  Marine  
  96  9:44  Cyclone  
  96  9:45  Liberator  
  100  9:49  Marine x3  
  100  9:52  Command Center  
  102  9:59  Marine x2  
  104  10:03  Medivac  
  106  10:15  Marine  
  106  10:17  Siege Tank, Marine x3  
  106  10:20  Marine x2  
  106  10:21  Marine x3  
  114  10:33  Marine, Liberator  
  114  10:35  Marine x2  
  85  10:42  Marine x2  
  85  10:43  Marine x3  
  85  10:44  Medivac  
  85  10:47  Marine  
  85  10:49  Siege Tank  
  93  10:51  Marine  
  93  10:53  Marine x2  
  99  11:00  Marine x2, Armory  
  99  11:03  Marine x2  
  103  11:09  Marine x2  
  104  11:21  Marauder, Marine x3  
  104  11:26  Marine x2  
Tags
 
Add a new tag
Caveats
  • Supply blocks, unpowered buildings, or Contaminate may cause inaccurate times.
  • Supply counts are checked every 10 seconds.